 Dungeon Crawl Stone Soup version 0.30-a0-335-ge5acde7520 (webtiles) character file.

Game seed: 17441570083018601298

1280 p00ps00p the Fighter (level 8, 0/85 HPs)
             Began as a Hill Orc Fighter on Oct 30, 2022.
             Slain by a lemure (6 damage)
             ... led by Pikel
             ... on level 6 of the Dungeon.
             The game lasted 00:16:44 (6828 turns).

p00ps00p the Fighter (Hill Orc Fighter)             Turns: 6828, Time: 00:16:44

Health: 0/85       AC: 11    Str: 19    XL:     8   Next: 54%
Magic:  8/8        EV: 10    Int:  8    God:
Gold:   356        SH:  4    Dex: 12    Spells: 7/7 levels left

rFire   . . .      SeeInvis .    a - +0 war axe
rCold   . . .      Faith    .    c - +0 buckler
rNeg    + + .      Spirit   .    u - +2 ring mail {rN+}
rPois   +          Reflect  .    (no helmet)
rElec   .          Harm     .    s - +1 cloak {rPois}
rCorr   .          Rampage  .    (no gloves)
Will    .....                    h - +0 pair of boots
Stlth   +.........               (no amulet)
HPRegen 0.34/turn                i - ring of positive energy
MPRegen 0.11/turn                (no ring)

@: no status effects
A: no striking features
a: no special abilities


You were on level 6 of the Dungeon.
You visited 1 branch of the dungeon, and saw 6 of its levels.
You also visited: Sewer.

You collected 356 gold pieces.

Inventory:

Hand Weapons
 a - a +0 war axe (weapon)
 e - a +2 whip of draining
 p - a +2 vorpal mace
Missiles
 d - a throwing net
 n - 2 poisoned darts (quivered)
Armour
 c - a +0 buckler (worn)
 h - a +0 pair of boots (worn)
 s - a +1 cloak of poison resistance (worn)
 u - a +2 ring mail of positive energy (worn)
 w - the +1 robe of Dim Light {*Corrode Fly Dex+7 Archmagi}
   (You found it on level 4 of the Dungeon)

   Dex:       It affects your dexterity (+7).
   Fly:       It grants you flight.
   *Corrode:  It may corrode you when you take damage.
   Archmagi:  It increases the power of your magical spells.
Jewellery
 i - a ring of positive energy (left hand)
 r - a ring of ice
 v - a +6 ring of intelligence
Scrolls
 l - a scroll of identify
 t - a scroll of amnesia
Potions
 b - 2 potions of magic {unknown}
 g - a potion of berserk rage {unknown}
 j - 2 potions of haste {unknown}
 k - a potion of mutation {unknown}
 m - 2 potions of brilliance {unknown}
 o - 3 potions of flight {unknown}
Miscellaneous
 q - a phial of floods (inert)


   Skills:
 + Level 12.4 Fighting
 - Level 2.6 Axes
 - Level 3.2 Armour
 - Level 3.2 Shields


You had 7 spell levels left.
You didn't know any spells.
Your spell library contained the following spells:

 Spells                   Type           Power      Damage    Failure   Level
 Necrotise                Necr           0%         1d4       67%         1
 Inner Flame              Hex/Fire       0%         N/A       96%         3
 Flame Wave               Conj/Fire      0%         2d4       100%        4
 Sticky Flame             Conj/Fire      0%         2d3       100%        4
 Iskenderun's Battlesphe  Conj           0%         2d6       100%        5
 Iron Shot                Conj/Erth      0%         9d1       100%        6
 Spellforged Servitor     Conj/Summ      0%         N/A       100%        7
 Borgnjor's Revivificati  Necr           0%         N/A       100%        8
 Necromutation            Tmut/Necr      0%         N/A       100%        8


Dungeon Overview and Level Annotations

Branches:
Dungeon (6/15)              Sewer (visited)
 Temple: D:4-7

Altars:
Dithmenos
Ru
Trog
Yredelemnul
Zin

Annotations:
D:6 Pikel


Message History

You barely miss the steam dragon.
The steam dragon is moderately wounded.
You are engulfed in a cloud of scalding steam.
The steam dragon bites you but does no damage.
The steam dragon claws you but does no damage.
The steam dragon bites you.
The steam dragon claws you but does no damage.
You closely miss the steam dragon.
The steam dragon is moderately wounded.
A lemure comes into view.
The steam dragon bites you but does no damage.
You block the steam dragon's attack.
You slash the steam dragon!
The steam dragon is severely wounded.
The steam dragon bites you.
The steam dragon claws you but does no damage.
The steam dragon breathes steam at you. The ball of steam hits you!
You hit the steam dragon but do no damage.
The steam dragon is severely wounded.
You are engulfed in a cloud of scalding steam.
The steam dragon breathes steam at you. The ball of steam hits you.
* * * LOW HITPOINT WARNING * * *
You hit the steam dragon.
The steam dragon is almost dead.
You are engulfed in a cloud of scalding steam.
* * * LOW HITPOINT WARNING * * *
You block the steam dragon's attack. The steam dragon misses you.
Pikel says, "Hell isn't that bad."
You feel better.
You are engulfed in a cloud of scalding steam.
The steam dragon bites you but does no damage.
The steam dragon claws you but does no damage.
The steam dragon breathes steam at you. The ball of steam hits you!
* * * LOW HITPOINT WARNING * * *
The lemure is engulfed in a cloud of scalding steam.
The lemure attacks as you move away! The lemure hits you.
You die...

#.................#
.#
##.....#####..§.5.#
5K ##...##
#5##§..###.# ##.##
###5####555K.# #.#
#...# ###.### #.#
###..K### #... #.#
#....5..# ###.# #.#
#...)5D.######.#
#.###..)).@.........
#....##....<######
.. ####.#...§...# ..
#.#.#.....#
#.#.#..#..#
#.#.#.###... #.#..##
##.... #.#.# .....
#.#. .....


You could see Pikel, a steam dragon and 4 lemures.

Vanquished Creatures
  2 water moccasins
  An ice beast (D:5)
  An ogre (D:5)
  2 bullfrogs (Sewer)
  A necrophage (D:4)
  2 scorpions (D:5)
  A howler monkey (D:4)
  7 hounds
  Crazy Yiuf (D:5)
  A gnoll bouda (D:4)
  2 iguanas (D:5)
  7 adders
  3 gnolls (D:4)
  2 shadow imps (D:5)
  3 ufetubi
  2 worms
  4 dart slugs
  5 orcs
  4 bats
  11 endoplasms
  11 giant cockroaches
  4 goblins
  10 hobgoblins
  3 jackals (D:1)
  12 quokkas
  14 ball pythons
  10 frilled lizards
  8 kobolds
  6 rats
140 creatures vanquished.

Notes
Turn   | Place    | Note
-------+----------+-------------------------------------------
     0 | D:1      | p00ps00p the Hill Orc Fighter began the quest for the Orb.
     0 | D:1      | Reached XP level 1. HP: 19/19 MP: 1/1
    21 | D:1      | Reached skill level 4 in Fighting
    37 | D:1      | Reached XP level 2. HP: 27/27 MP: 2/2
    62 | D:1      | Got the Compilation of Incandescent Blasphemous Deeds
   356 | D:1      | Reached XP level 3. HP: 32/35 MP: 3/3
   431 | D:1      | Reached skill level 5 in Fighting
  2161 | D:3      | Reached XP level 4. HP: 36/44 MP: 4/4
  2275 | D:3      | Found a bloodstained altar of Trog.
  2275 | D:3      | Found a sacrificial altar of Ru.
  2275 | D:3      | Found a basalt altar of Yredelemnul.
  2360 | D:3      | Found a glowing drain.
  2372 | Sewer    | Entered a sewer
  2406 | Sewer    | Reached skill level 6 in Fighting
  2689 | Sewer    | Noticed a bullfrog
  2689 | Sewer    | Noticed a bullfrog
  2695 | Sewer    | Reached XP level 5. HP: 44/51 MP: 5/5
  2707 | Sewer    | Reached skill level 7 in Fighting
  2724 | Sewer    | Reached skill level 8 in Fighting
  2724 | Sewer    | Reached XP level 6. HP: 42/61 MP: 6/6
  3122 | D:3      | Found a shadowy altar of Dithmenos.
  3199 | D:3      | Found a glowing silver altar of Zin.
  4268 | D:4      | Reached skill level 9 in Fighting
  4341 | D:4      | Reached XP level 7. HP: 59/70 MP: 7/7
  4620 | D:4      | Identified the +1 robe of Dim Light {*Corrode Fly Dex+7
                  | Archmagi}
  5303 | D:5      | Entered Level 5 of the Dungeon
  5418 | D:5      | Reached skill level 10 in Fighting
  5720 | D:5      | Reached skill level 11 in Fighting
  5720 | D:5      | Reached XP level 8. HP: 37/82 MP: 8/8
  5916 | D:5      | Found a runed translucent door.
  5917 | D:5      | Noticed Crazy Yiuf
  5940 | D:5      | Killed Crazy Yiuf
  6557 | D:6      | Reached skill level 12 in Fighting
  6800 | D:6      | Noticed Pikel
  6828 | D:6      | Slain by a lemure

Illustrated notes

Levels and vault maps discovered:
D:1:      minmay_arrival_radiant_lines, layout_loops_ring,
          minmay_misc_feat_encased, minmay_misc_feat_tiny, due_unseen_surprise
D:2:      layout_loops_corners, serial_co_window_serial, co_window_paths_b,
          co_window_paths_a, co_window_corner_a, co_window_paths_a,
          co_window_corner_a, co_window_paths_a, co_window_corner_a,
          co_window_corner_cb, co_window_cross_2, co_window_of_opportunity_b,
          co_window_broadway_a, co_window_sun, co_window_4corner_b,
          glass_columns_a, minmay_misc_feat_square
D:3:      layout_loops_ring, gammafunk_temple_overflow_claw,
          mainiacjoe_overflow_tiny_flanked, grunt_dithmenos_smoke_and_mirrors,
          cheibrodos_sewer_entry_drain, palyth_stone_intersect
D:4:      nicolae_cairo_tiling, layout_basic
D:5:      layout_basic, kennysheep_generic_room_8, uniq_crazy_yiuf_cottage
D:6:      layout_loops_ring, minmay_temple_entry_hall,
          kennysheep_generic_room_2, uniq_duvessa, uniq_pikel

Skill      XL: |  1  2  3  4  5  6  7  8 |
---------------+-------------------------+-----
Fighting       | 4 5 6 8 9 11 12 | 12.4
Axes           | |  2.6
Armour         | |  3.2
Shields        | |  3.2

Action                   |  1- 3 |  4- 6 |  7- 9 || total
-------------------------+-------+-------+-------++-------
Melee: War axe           |   104 |   169 |   179 ||   452
Evoke: Phial of floods   |       |       |     1 ||     1
  Use: Scroll            |     3 |     4 |     1 ||     8
       Potion            |       |       |     4 ||     4
Armor: Scale mail        |    61 |   106 |       ||   167
       Ring mail         |       |    17 |   152 ||   169
Dodge: Dodged            |    54 |   113 |   169 ||   336
Block: Buckler           |    23 |    47 |    59 ||   129

Table legend: (Time is in decaauts)
 A = Elapsed time spent in this place.
 B = Non-inter-level travel time spent in this place.
 C = Inter-level travel time spent in this place.
 D = Time resting spent in this place.
 E = Time spent auto-exploring this place.
 F = Levels seen in this place.
 G = Mean time per level.
                   A        B        C        D        E       F      G
               +--------+--------+--------+--------+--------+-----+--------+
         Total |   7136 |   6884 |    252 |    962 |   4285 |   7 | 1019.4 |
       Dungeon |   6426 |   6174 |    252 |    962 |   3942 |   6 | 1071.0 |
         Sewer |    709 |    709 |      0 |      0 |    342 |   1 |  709.0 |
               +--------+--------+--------+--------+--------+-----+--------+

Top non-repeatable levels by time:
     D:4: 1502 daAuts
     D:5: 1461 daAuts
     D:2: 1424 daAuts
     D:3: 1164 daAuts
     D:1: 750 daAuts
   Sewer: 709 daAuts
     D:6: 122 daAuts
